 Dungeon Crawl Stone Soup version 0.17.1-2-g5865329 (webtiles) character file.

17152 Glider the Basher (level 12, -9/81 HPs)
             Began as a Demonspawn Fighter on Jan 28, 2016.
             Was a Priest of Qazlal.
             Mangled by a skeletal warrior
             ... wielding a +0 short sword
              (12 damage)
             ... on level 12 of the Dungeon.
             The game lasted 01:01:41 (16348 turns).

Glider the Basher (Demonspawn Fighter)             Turns: 16348, Time: 01:01:42

Health: -9/81      AC: 17    Str: 12    XL:     12   Next: 16%
Magic:  25/26      EV: 10    Int: 13    God:    Qazlal [***...]
Gold:   934        SH:  9    Dex: 13    Spells: 0 memorised, 11 levels left

rFire  . . .     SeeInvis .     T - +8 flail "Hell-Harrower" {venom, rF+ rN+++ MP+9 Str-3}
rCold  + . .     Clarity  .     U - +5 ring mail of Dogma {+Blink rF- rN+ Str-3}
rNeg   + + +     SustAt   +     p - +0 buckler
rPois  +         Gourm    .     (no helmet)
rElec  +         Spirit   .     i - +0 cloak {rPois}
rCorr  .         Warding  .     (no gloves)
rMut   .         Stasis   .     C - +1 pair of boots
MR     .....                    (no amulet)
Stlth  +.........               F - ring of invisibility
                                c - ring of sustain attributes

@: not resistant to hostile enchantments, very unstealthy
A: hooves 2, thin metallic scales 3, cold resistance 1, poison resistance, spiny
1, spit poison 1
a: Spit Poison, Upheaval, Elemental Force, Renounce Religion, Evoke Blink, Evoke
Invisibility


You were on level 12 of the Dungeon.
You worshipped Qazlal.
Qazlal was most pleased with you.
You were near starving.

You visited 3 branches of the dungeon, and saw 14 of its levels.
You also visited: Sewer and Bailey.

You collected 934 gold pieces.

Inventory:

Hand Weapons
 H - the +4 hunting sling "Vaaqaal" {flame, Dex+4}
   (You found it on level 4 of the Dungeon)

   It causes projectiles fired from it to burn those they strike, causing extra
   injury to most foes and up to half again as much damage against particularly
   susceptible opponents.
   It affects your dexterity (+4).
 T - the +8 flail "Hell-Harrower" (weapon) {venom, rF+ rN+++ MP+9 Str-3}
   (You found it on level 8 of the Dungeon)

   It poisons the flesh of those it strikes.
   It affects your strength (-3).
   It protects you from fire.
   It renders you almost immune to negative energy.
   It affects your magic capacity (+9).
Missiles
 I - 180 stones (quivered)
Armour
 i - a +0 cloak of poison resistance (worn)
 p - a +0 buckler (worn)
 C - a +1 pair of boots (worn)
 U - the +5 ring mail of Dogma (worn) {+Blink rF- rN+ Str-3}
   (You found it on level 9 of the Dungeon)

   It affects your strength (-3).
   It makes you vulnerable to fire.
   It protects you from negative energy.
   It lets you blink.
Jewellery
 c - a ring of sustain attributes (left hand)
 f - an uncursed amulet of stasis
 F - a ring of invisibility (right hand)
Wands
 h - a wand of enslavement (7)
 n - a wand of lightning (9)
 y - a wand of teleportation (1)
 B - a wand of fire (8)
 N - a wand of disintegration (7)
 O - a wand of lightning (9)
 R - a wand of draining (6)
Scrolls
 a - a scroll of identify
 e - a scroll of brand weapon {unknown}
 g - 6 scrolls of teleportation
 k - a scroll of magic mapping
 l - a scroll of remove curse
 m - a scroll of noise {unknown}
 t - a scroll of fog {unknown}
 w - 2 scrolls of recharging
 D - 6 scrolls of blinking
 X - a scroll of fear
Potions
 d - a potion of might
 j - a potion of cure mutation {unknown}
 q - a potion of agility
 r - 3 potions of brilliance
 s - 3 potions of ambrosia
 G - a potion of haste
 J - 2 potions of curing
 L - 2 potions of heal wounds
 P - a potion of mutation {unknown}
 Q - a potion of invisibility
 Y - a potion of flight {unknown}
Miscellaneous
 b - a sack of spiders
 x - a lamp of fire
Comestibles
 u - 24 fruits


   Skills:
 - Level 3.0 Fighting
   Level 2.0 Long Blades
 - Level 14.0 Maces & Flails
 - Level 8.1 Slings
 - Level 2.6 Armour
 - Level 5.0 Shields
 * Level 6.7 Invocations
 * Level 4.8 Evocations


You had 11 spell levels left.
You didn't know any spells.

Dungeon Overview and Level Annotations

Branches:
Dungeon (12/15)            Temple (1/1) D:6            Lair (1/8) D:11
    Orc (0/4) D:10

Altars:
Ashenzari
Cheibriados
Dithmenos
Elyvilon
Fedhas
Gozag
Kikubaaqudgha
Makhleb
Nemelex Xobeh
Okawaru
Qazlal
Ru
Sif Muna
Trog
Vehumet
Xom
Yredelemnul
Zin
The Shining One

Shops:
D:6 *


Innate Abilities, Weirdness & Mutations

You have hoof-like feet.
You are completely covered in thin metallic scales (AC +4, rElec).
Your flesh is cold resistant.
You are partially covered in sharp spines.
Your system is resistant to poisons.
You can spit weak poison.


Message History

The skeletal warrior is almost destroyed.
You block the skeletal warrior's attack.
You sock the skeletal warrior!
You destroy the skeletal warrior!
Qazlal accepts your kill. The skeletal warrior barely misses you.
You sock the skeletal warrior!
The skeletal warrior is severely damaged.
You hit the skeletal warrior.
The skeletal warrior is severely damaged.
The skeletal warrior hits you with a short sword.
You sock the skeletal warrior!
The skeletal warrior is almost destroyed.
The skeletal warrior is engulfed in freezing vapours.
The skeletal warrior hits you with a short sword!
* * * LOW HITPOINT WARNING * * *
The skeletal warrior hits you with a dire flail!
* * * LOW HITPOINT WARNING * * *
The skeletal warrior hits you with a short sword!
You die...

##################
.......†.zz.<....#
........(z@§.....#
####..(##########
.......z(..z.z..
............S...
............z...
................
#....#......#..#
#....#......# ..
#....#......# .


You could see 3 skeletal warriors.

Vanquished Creatures
  An orc warlord (Bailey)
  A hydra (D:11)
  A skeletal warrior (D:12)
  A hill giant (D:11)
  An ugly thing (D:9)
  An orc knight (Bailey)
  A cyclops (D:11)
  A fire drake (D:11)
  The ghost of Mysteryquy the Sneak, a novice VSAs (D:5)
  A two-headed ogre (D:10)
  Prince Ribbit (D:9)
  A troll (D:9)
  Sigmund (D:6)
  A trapdoor spider zombie (D:10)
  12 yaks
  A shadow (D:10)
  A steam dragon (D:11)
  2 deep elf magi
  4 hungry ghosts
  A hippogriff (D:7)
  A mottled dragon (D:11)
  Menkaure (D:7)
  Edmund (D:4)
  2 insubstantial wisps (D:11)
  Duvessa (D:5)
  A water moccasin (D:12)
  2 ice beasts
  5 sky beasts
  2 necrophages
  17 orc warriors
  3 wasps
  7 ogres
  6 centaurs
  A crocodile (D:11)
  4 big kobolds
  4 giant frogs
  Dowan (D:5)
  A gnoll sergeant (D:8)
  2 scorpions (D:10)
  A wyvern skeleton (D:11)
  A water moccasin skeleton (D:9)
  14 killer bees
  2 wights
  2 giant frog zombies
  7 crimson imps
  3 hounds (D:4)
  9 orc priests
  8 jellies
  A centaur skeleton (D:7)
  Crazy Yiuf (D:7)
  14 orc wizards
  A gnoll shaman (D:4)
  5 iguanas
  13 worker ants
  Jessica (D:8)
  Terence (D:2)
  2 giant frog skeletons
  2 killer bee zombies
  A hound zombie (D:10)
  2 worker ant zombies
  15 adders
  22 gnolls
  6 river rats
  4 shadow imps
  An ooze (D:1)
  2 adder zombies
  2 adder skeletons (D:5)
  2 worms
  6 giant geckos
  45 orcs
  10 ball pythons
  2 gnoll zombies (D:2)
  24 hobgoblins
  27 kobolds
  6 quokkas
  A ball python skeleton (D:5)
  6 bats
  7 giant cockroaches
  A giant gecko skeleton (D:4)
  5 giant newts
  30 goblins
  10 jackals
  A jackal zombie (D:6)
  30 rats
  A bush (D:9)
  2 plants (D:9)
456 creatures vanquished.

Notes
Turn   | Place    | Note
--------------------------------------------------------------
     0 | D:1      | Glider the Demonspawn Fighter began the quest for the Orb.
     0 | D:1      | Reached XP level 1. HP: 18/18 MP: 1/1
    28 | D:1      | Gained mutation: Your flesh is cold resistant. [demonic ancestry]
    28 | D:1      | Reached XP level 2. HP: 13/24 MP: 2/2
  1043 | D:2      | Gained mutation: You are partially covered in sharp spines. [demonic ancestry]
  1043 | D:2      | Reached XP level 3. HP: 29/29 MP: 3/3
  1228 | D:2      | Found an opulent altar of Gozag.
  1285 | D:2      | Found a basalt altar of Yredelemnul.
  1413 | D:2      | Noticed Terence
  1426 | D:2      | Killed Terence
  1426 | D:2      | Reached skill level 1 in Long Blades
  1426 | D:2      | Reached XP level 4. HP: 20/35 MP: 4/4
  1644 | D:2      | Reached skill level 4 in Shields
  2447 | D:3      | Reached XP level 5. HP: 38/41 MP: 5/5
  2484 | D:3      | Noticed an ogre
  2492 | D:3      | Killed an ogre
  2492 | D:3      | Reached skill level 5 in Shields
  2492 | D:3      | Gained mutation: You have large cloven feet. [demonic ancestry]
  2492 | D:3      | Reached XP level 6. HP: 27/47 MP: 6/6
  3105 | D:3      | Found a shattered altar of Ashenzari.
  3530 | D:4      | Reached skill level 5 in Maces & Flails
  3530 | D:4      | Gained mutation: You are partially covered in thin metallic scales (AC +2). [demonic ancestry]
  3530 | D:4      | Reached XP level 7. HP: 13/52 MP: 7/7
  3967 | D:4      | Noticed Edmund
  3983 | D:4      | Killed Edmund
  3983 | D:4      | Reached skill level 6 in Maces & Flails
  4518 | D:4      | Reached skill level 7 in Maces & Flails
  4615 | D:4      | Gained mutation: You are mostly covered in thin metallic scales (AC +3). [demonic ancestry]
  4615 | D:4      | Reached XP level 8. HP: 56/58 MP: 8/8
  4738 | D:4      | Got a translucent hunting sling
  4739 | D:4      | Identified the +4 hunting sling "Vaaqaal" {flame, Dex+4} (You found it on level 4 of the Dungeon)
  4943 | D:5      | Entered Level 5 of the Dungeon
  5003 | D:5      | Found a glowing drain.
  5018 | Sewer    | Entered a sewer
  5199 | Sewer    | Reached skill level 8 in Maces & Flails
  5214 | Sewer    | Reached skill level 1 in Slings
  5647 | D:5      | Noticed Mysteryquy's ghost (novice VSAs)
  5659 | D:5      | Killed Mysteryquy's ghost
  5887 | D:5      | Reached skill level 5 in Slings
  5948 | D:5      | Gained mutation: You have hoof-like feet. [demonic ancestry]
  5948 | D:5      | Reached XP level 9. HP: 63/63 MP: 9/9
  6134 | D:5      | Found a bloodstained altar of Trog.
  6164 | D:5      | Found an iron altar of Okawaru.
  6299 | D:5      | Noticed Duvessa
  6307 | D:5      | Noticed Dowan
  6308 | D:5      | Killed Duvessa
  6316 | D:5      | Killed Dowan
  6718 | D:6      | Noticed Sigmund
  6745 | D:6      | Killed Sigmund
  7001 | D:6      | Reached skill level 9 in Maces & Flails
  7260 | D:6      | Found Zin's Purification Station.
  7263 | D:6      | Found a glowing silver altar of Zin.
  7819 | D:6      | Found a staircase to the Ecumenical Temple.
  7826 | Temple   | Entered the Ecumenical Temple
  8264 | D:7      | Got a faintly glowing mace
  8265 | D:7      | Identified the cursed +1 mace "Apnucori" {pain, rF+ Int-3 Dex+3} (You found it on level 7 of the Dungeon)
  8341 | D:7      | Reached skill level 10 in Maces & Flails
  8939 | D:7      | Found a deep blue altar of Sif Muna.
  9006 | D:7      | Noticed Crazy Yiuf
  9017 | D:7      | Killed Crazy Yiuf
  9410 | D:7      | Noticed Menkaure
  9424 | D:7      | Killed Menkaure
  9424 | D:7      | Reached XP level 10. HP: 51/70 MP: 10/10
 10151 | D:8      | Got a steaming flail
 10152 | D:8      | Identified the +8 flail "Hell-Harrower" {venom, rF+ rN+++ MP+9 Str-3} (You found it on level 8 of the Dungeon)
 10508 | D:8      | Found a white marble altar of Elyvilon.
 10633 | D:8      | Noticed Jessica
 10641 | D:8      | Killed Jessica
 10649 | D:8      | Found a deep blue altar of Sif Muna.
 10758 | D:9      | Got a spiked ring mail
 10769 | D:9      | Identified the +5 ring mail of Dogma {+Blink rF- rN+ Str-3} (You found it on level 9 of the Dungeon)
 10843 | D:9      | Reached skill level 11 in Maces & Flails
 11151 | D:9      | Found a snail-covered altar of Cheibriados.
 11200 | D:9      | Found a blossoming altar of Fedhas.
 11215 | D:9      | Found a runed door.
 11492 | D:9      | Noticed Prince Ribbit
 11500 | D:9      | Killed Prince Ribbit
 11685 | D:9      | Found a blossoming altar of Fedhas.
 11687 | D:9      | Found a stormy altar of Qazlal.
 11691 | D:9      | Became a worshipper of Qazlal Stormbringer
 12325 | D:9      | Noticed a purple ugly thing
 12338 | D:9      | Killed a purple ugly thing
 12338 | D:9      | Reached skill level 12 in Maces & Flails
 12338 | D:9      | Reached skill level 1 in Invocations
 12338 | D:9      | Reached skill level 1 in Evocations
 12477 | D:10     | Entered Level 10 of the Dungeon
 12480 | D:10     | Reached XP level 11. HP: 75/75 MP: 12/12
 12846 | D:10     | Reached * piety under Qazlal
 12887 | D:10     | Identified the Catalogue of Execration (You found it on level 10 of the Dungeon)
 13369 | D:10     | Found a staircase to the Orcish Mines.
 13936 | D:11     | Noticed a six-headed hydra
 14019 | D:11     | HP: 2/75 [cyclops (17)]
 14130 | D:11     | Found a flagged portal.
 14204 | Bailey   | Entered a bailey
 14288 | Bailey   | Reached ** piety under Qazlal
 14467 | Bailey   | Reached skill level 13 in Maces & Flails
 14611 | Bailey   | Reached *** piety under Qazlal
 14809 | Bailey   | Noticed an orc warlord
 14835 | Bailey   | Killed an orc warlord
 15168 | D:11     | Killed a six-headed hydra
 15384 | D:11     | Reached skill level 14 in Maces & Flails
 15402 | D:11     | Noticed a hill giant
 15420 | D:11     | Killed a hill giant
 15420 | D:11     | Reached skill level 5 in Invocations
 15420 | D:11     | Gained mutation: You are completely covered in thin metallic scales (AC +4, rElec). [demonic ancestry]
 15420 | D:11     | Reached XP level 12. HP: 61/81 MP: 15/15
 15584 | D:11     | Found a staircase to the Lair.
 15704 | Lair:1   | Entered Level 1 of the Lair of Beasts
 15714 | Lair:1   | Gained mutation: You can spit weak poison. [potion of beneficial mutation]
 15715 | Lair:1   | Gained mutation: Your system is resistant to poisons. [potion of beneficial mutation]
 16348 | D:12     | HP: 3/81 [skeletal warrior/dire flail (15)]
 16348 | D:12     | Mangled by a skeletal warrior

Action                   |  1- 3 |  4- 6 |  7- 9 | 10-12 || total
-------------------------+-------+-------+-------+-------++-------
Melee: Flail             |    47 |       |       |   607 ||   654
       Long sword        |    21 |    47 |       |       ||    68
       Whip              |       |    76 |   179 |     2 ||   257
       Mace              |       |       |    91 |    18 ||   109
 Fire: Hunting sling     |       |       |   269 |    32 ||   301
Throw: Throwing net      |       |       |     2 |     1 ||     3
Evoke: Wand              |       |       |       |     6 ||     6
  Use: Scroll            |       |       |    14 |    10 ||    24
       Potion            |       |       |     3 |    10 ||    13
 Stab: Sleeping          |       |       |     1 |       ||     1
  Eat: Chunk             |     2 |     6 |    19 |    20 ||    47
       Pizza             |       |       |     1 |     2 ||     3
       Beef jerky        |       |       |       |     1 ||     1
